[Event "Lueneburg Open-B 2019"]
[Site "Lueneburg"]
[Date "2019.08.03"]
[Round "1.1"]
[White "Thomas, Jeremy"]
[Black "Seeber, Helmut"]
[Result "0-1"]
[ECO "C54"]
[WhiteElo "1717"]
[BlackElo "1580"]
[Annotator "NA"]
[PlyCount "94"]
[EventDate "2019.08.03"]
[EventType "swiss"]
[EventCountry "GER"]
[SourceTitle "playchess.com"]
[Source "ChessBase"]
[SourceQuality "1"]
[TimeControl "40/5400+30:1800+30"]

1. e4 e5 2. Nf3 Nc6 3. Bc4 Bc5 4. c3 Nf6 5. d3 a6 6. Bb3 d6 7. Nbd2 O-O 8. Nf1 Ng4 9. Ne3 Na5 10. Bc2 Nc6 11. h3 Nh6 12. b4 Ba7 13. Bb3 Kh8 14. O-O f5 15. Nxf5 Nxf5 16. exf5 Bxf5 17. Ng5 Qf6 18. Qh5 Bg6 19. Qe2 Rae8 20. Ne4 Qe7 21. Kh2 Nd8 22. Ng5 c6 23. a4 d5 24. b5 Ne6 25. Nxe6 Qxe6 26. bxa6 bxa6 27. Be3 Bb8 28. Kh1 Qd6 29. g3 d4 30. Bc1 c5 31. cxd4 exd4 32. Qc2 Qc6+ 33. Kg1 Rf3 34. Bc4 Ref8 35. Ba3 Bxg3 36. fxg3 Rxg3+ 37. Kh2 Rff3 38. Rxf3 Qxf3 39. Be6 Bxd3 40. Qb2 Qf4 41. Bd5 Rg5+ 42. Kh1 Rxd5 43. Re1 Be4+ 44. Rxe4 Qxe4+ 45. Kh2 Qf4+ 46. Kh1 h6 47. Qb8+ Qxb8 0-1

[Event "Lueneburg Open-B 2019"]
[Site "Lueneburg"]
[Date "2019.08.03"]
[Round "1.2"]
[White "Thomas, Vincent"]
[Black "Rewerts, Ingo"]
[Result "0-1"]
[ECO "A52"]
[WhiteElo "1975"]
[BlackElo "1792"]
[Annotator "NA"]
[PlyCount "112"]
[EventDate "2019.08.03"]
[EventType "swiss"]
[EventCountry "GER"]
[SourceTitle "playchess.com"]
[Source "ChessBase"]
[SourceQuality "1"]
[TimeControl "40/5400+30:1800+30"]

1. d4 Nf6 2. c4 e5 3. dxe5 Ng4 4. Nf3 Nc6 5. g3 Bc5 6. e3 Ngxe5 7. Nxe5 Nxe5 8. Nc3 Bb4 9. Bd2 O-O 10. a3 Be7 11. Be2 c6 12. b4 d6 13. O-O Be6 14. c5 dxc5 15. bxc5 Bh3 16. Re1 Bxc5 17. Bf1 Qd7 18. Qh5 Bxf1 19. Rxf1 f6 20. Ne4 Qd5 21. f3 g6 22. Qh4 Be7 23. Bb4 g5 24. Qh5 Bxb4 25. axb4 g4 26. Qh6 Nxf3+ 27. Rxf3 Qxe4 28. Rf2 Qg6 29. Qf4 Rae8 30. Rxa7 Re4 31. Qf5 Qxf5 32. Rxf5 Rxb4 33. Rf4 Rxf4 34. gxf4 Rf7 35. Kf2 f5 36. Ke2 h5 37. Kd3 Rd7+ 38. Kc3 c5 39. Ra5 b6 40. Ra6 Rd6 41. Ra4 Kf7 42. Ra7+ Kg6 43. Ra8 b5 44. Rb8 b4+ 45. Kc4 Rd2 46. Kxc5 Rxh2 47. Kd4 g3 48. Rxb4 g2 49. Rb6+ Kf7 50. Rb7+ Ke6 51. Rg7 h4 52. e4 fxe4 53. Kxe4 Kf6 54. Rg5 h3 55. Kf3 Rh1 56. Kf2 Rf1+ 0-1

[Event "Lueneburg Open-B 2019"]
[Site "Lueneburg"]
[Date "2019.08.03"]
[Round "1.3"]
[White "Fomenkov, Alexander"]
[Black "Stolzenwald, Karl-Heinz"]
[Result "1-0"]
[ECO "A34"]
[WhiteElo "1779"]
[BlackElo "1600"]
[Annotator "NA"]
[PlyCount "115"]
[EventDate "2019.08.03"]
[EventType "swiss"]
[EventCountry "GER"]
[SourceTitle "playchess.com"]
[Source "ChessBase"]
[SourceQuality "1"]
[TimeControl "40/5400+30:1800+30"]

1. e4 c5 2. Nf3 Nc6 3. c4 d6 4. h3 Nf6 5. Nc3 e6 6. d3 Be7 7. Be2 a6 8. O-O h6 9. d4 cxd4 10. Nxd4 Bd7 11. Be3 Nxd4 12. Bxd4 O-O 13. Bf3 e5 14. Be3 Be6 15. b3 Nd7 16. Nd5 Bxd5 17. Qxd5 Qc7 18. Rfd1 Nf6 19. Qd3 Rfd8 20. Rac1 Rac8 21. a3 Qd7 22. Bb6 Rf8 23. c5 Rc6 24. a4 Qc8 25. Qe3 dxc5 26. a5 Re8 27. Qc3 Qe6 28. Qc2 Rec8 29. Be2 Bf8 30. Bc4 Qe7 31. Qd3 Nh5 32. g3 Qg5 33. Kh2 Rf6 34. Rc2 Rd6 35. Bd5 Nf6 36. b4 Rd7 37. bxc5 Qh5 38. Rdd2 Nh7 39. Kg2 Rc6 40. Qf3 Qxf3+ 41. Kxf3 Rf6+ 42. Kg2 Ng5 43. Rb2 Nf3 44. Rd1 Nd4 45. f4 Nc6 46. f5 Nd4 47. Ba7 Nb5 48. Bb6 Nd4 49. g4 g5 50. Kg3 Kg7 51. Rdd2 Nb5 52. Rh2 Nc3 53. Rhd2 Nb5 54. Bc4 Nd4 55. Ba7 Bxc5 56. Bxc5 Rc7 57. Bxd4 Rxc4 58. Bxe5 1-0

[Event "Lueneburg Open-B 2019"]
[Site "Lueneburg"]
[Date "2019.08.03"]
[Round "1.4"]
[White "Raedisch, Peter"]
[Black "Neumann, Lutz"]
[Result "1/2-1/2"]
[ECO "B30"]
[WhiteElo "1595"]
[BlackElo "1784"]
[Annotator "NA"]
[PlyCount "72"]
[EventDate "2019.08.03"]
[EventType "swiss"]
[EventCountry "GER"]
[SourceTitle "playchess.com"]
[Source "ChessBase"]
[SourceQuality "1"]
[TimeControl "40/5400+30:1800+30"]

1. e4 c5 2. Bc4 Nc6 3. Nf3 e6 4. c3 d6 5. d4 cxd4 6. Nxd4 Bd7 7. Nb5 Bc8 8. Nd4 Nxd4 9. Qxd4 Bd7 10. O-O Qf6 11. Qd3 Bc6 12. Be3 Qg6 13. f3 a6 14. a4 d5 15. exd5 Qxd3 16. Bxd3 Bxd5 17. Bb6 Nf6 18. Nd2 Nd7 19. Bd4 Bc5 20. Bf2 Bxf2+ 21. Rxf2 Ne5 22. Be4 Rd8 23. Re2 Nc6 24. Bxd5 Rxd5 25. Rae1 Kd8 26. Nb3 Kc7 27. Rd2 Rhd8 28. Rxd5 Rxd5 29. Kf2 Kb6 30. Re2 Na5 31. Nxa5 Kxa5 32. b3 b5 33. axb5 axb5 34. Re4 Rd2+ 35. Re2 Rd3 36. Re3 Rd2+ 1/2-1/2

[Event "Lueneburg Open-B 2019"]
[Site "Lueneburg"]
[Date "2019.08.03"]
[Round "1.5"]
[White "Schulze, Lukas"]
[Black "Rempe, Janne"]
[Result "0-1"]
[ECO "A54"]
[WhiteElo "1724"]
[BlackElo "1594"]
[Annotator "NA"]
[PlyCount "80"]
[EventDate "2019.08.03"]
[EventType "swiss"]
[EventCountry "GER"]
[SourceTitle "playchess.com"]
[Source "ChessBase"]
[SourceQuality "1"]
[TimeControl "40/5400+30:1800+30"]

1. Nf3 d6 2. d4 Nf6 3. c4 Nbd7 4. g3 e5 5. dxe5 dxe5 6. Bg2 Be7 7. O-O O-O 8. Nc3 c6 9. b3 Qc7 10. Bb2 Re8 11. Qc2 Nf8 12. Rfd1 Ng6 13. Ne4 Be6 14. Nfg5 Bd7 15. Nxf6+ Bxf6 16. Ne4 Be7 17. c5 Rad8 18. Nd6 Rf8 19. Qe4 Be6 20. Bxe5 Nxe5 21. Qxe5 Bf6 22. Qf4 Bxa1 23. Rxa1 b6 24. b4 bxc5 25. bxc5 Qa5 26. Nb7 Qxa2 27. Qe5 Qb3 28. Nxd8 Rxd8 29. Rxa7 Rd1+ 30. Bf1 h6 31. Qe4 g6 32. Qe5 f6 33. Qxf6 Rxf1+ 34. Kxf1 Qd1+ 35. Kg2 Bd5+ 36. Kh3 Qf1+ 37. Kg4 Qxe2+ 38. f3 Bxf3+ 39. Kh3 Qg2+ 40. Kh4 Qxh2# 0-1

[Event "Lueneburg Open-B 2019"]
[Site "Lueneburg"]
[Date "2019.08.03"]
[Round "1.6"]
[White "Jessen, Bjarne"]
[Black "Ahrens, Gunnar"]
[Result "1-0"]
[ECO "C02"]
[WhiteElo "1569"]
[BlackElo "1764"]
[Annotator "NA"]
[PlyCount "91"]
[EventDate "2019.08.03"]
[EventType "swiss"]
[EventCountry "GER"]
[SourceTitle "playchess.com"]
[Source "ChessBase"]
[SourceQuality "1"]
[TimeControl "40/5400+30:1800+30"]

1. e4 Nc6 2. Nf3 e6 3. d4 d5 4. e5 Nge7 5. Bg5 h6 6. Be3 Nf5 7. Qd2 Bb4 8. c3 Be7 9. Bd3 a6 10. O-O g5 11. Qe2 g4 12. Ne1 h5 13. g3 Bg5 14. Ng2 Bd7 15. Nd2 Qe7 16. f4 Bh6 17. Bxf5 exf5 18. c4 Nb4 19. a3 Nc2 20. Rac1 Nxe3 21. Nxe3 Bg7 22. Nxd5 Qd8 23. Nf6+ Kf8 24. Nxd7+ Qxd7 25. Nb3 Rh6 26. Qd3 Rd8 27. d5 Kg8 28. Nd4 Rb6 29. b4 c5 30. bxc5 Rb2 31. Nxf5 Bf8 32. d6 Qc8 33. Qd4 Rb3 34. Ne3 Rxa3 35. Nd5 Qf5 36. Nf6+ Kg7 37. Qe4 Kg6 38. Qxf5+ Kxf5 39. Rb1 Ra5 40. Rxb7 Rxc5 41. Rc1 Kg6 42. Nd7 Rc6 43. c5 Bg7 44. Nb8 Rcc8 45. c6 Bf8 46. d7 1-0

[Event "Lueneburg Open-B 2019"]
[Site "Lueneburg"]
[Date "2019.08.03"]
[Round "1.7"]
[White "Buetow, Ingo"]
[Black "Geissler, Karl-Heinz"]
[Result "1/2-1/2"]
[ECO "A36"]
[WhiteElo "1747"]
[BlackElo "1581"]
[Annotator "NA"]
[PlyCount "61"]
[EventDate "2019.08.03"]
[EventType "swiss"]
[EventCountry "GER"]
[SourceTitle "playchess.com"]
[Source "ChessBase"]
[SourceQuality "1"]
[TimeControl "40/5400+30:1800+30"]

1. c4 c5 2. g3 Nc6 3. Bg2 d6 4. Nc3 g6 5. e4 Bg7 6. Nge2 e6 7. O-O Nge7 8. d3 O-O 9. Bg5 h6 10. Be3 Kh7 11. Qd2 e5 12. a3 Bd7 13. Rab1 Nd4 14. Kh1 Rb8 15. b4 a6 16. bxc5 dxc5 17. Nd5 Nec6 18. Nb6 Re8 19. Nc3 Be6 20. Ncd5 Bf8 21. f4 Bg7 22. Rf2 Rf8 23. Na4 Qd6 24. fxe5 Nxe5 25. Rb6 Qd8 26. h3 Bxd5 27. cxd5 Nd7 28. Rb1 g5 29. Rbf1 Kg6 30. Bxd4 Bxd4 31. Rf5 1/2-1/2

[Event "Lueneburg Open-B 2019"]
[Site "Lueneburg"]
[Date "2019.08.03"]
[Round "1.8"]
[White "Rempe, Mieke"]
[Black "Kasipour Azbari, Seyed Arvin"]
[Result "1/2-1/2"]
[ECO "B45"]
[WhiteElo "1558"]
[BlackElo "1765"]
[Annotator "NA"]
[PlyCount "56"]
[EventDate "2019.08.03"]
[EventType "swiss"]
[EventCountry "GER"]
[SourceTitle "playchess.com"]
[Source "ChessBase"]
[SourceQuality "1"]
[TimeControl "40/5400+30:1800+30"]

1. e4 c5 2. Nf3 e6 3. d4 cxd4 4. Nxd4 Nf6 5. Nc3 Nc6 6. Be2 Bb4 7. Bf3 O-O 8. O-O Bxc3 9. bxc3 d5 10. Bg5 dxe4 11. Nxc6 bxc6 12. Qxd8 Rxd8 13. Bxf6 gxf6 14. Bxe4 Ba6 15. Rfe1 f5 16. Bf3 Rac8 17. Red1 Bb5 18. Rxd8+ Rxd8 19. a4 Ba6 20. Bxc6 Rd2 21. Bb5 Bb7 22. Bd3 Be4 23. Bxe4 fxe4 24. Rc1 Rd5 25. Rb1 Rd2 26. Rc1 Rd5 27. Rb1 Rd2 28. Rc1 Rd5 1/2-1/2

[Event "Lueneburg Open-B 2019"]
[Site "Lueneburg"]
[Date "2019.08.03"]
[Round "1.9"]
[White "Groth, Matthias"]
[Black "Mi, Gufeng"]
[Result "1-0"]
[ECO "E61"]
[WhiteElo "1737"]
[BlackElo "1564"]
[Annotator "NA"]
[PlyCount "59"]
[EventDate "2019.08.03"]
[EventType "swiss"]
[EventCountry "GER"]
[SourceTitle "playchess.com"]
[Source "ChessBase"]
[SourceQuality "1"]
[TimeControl "40/5400+30:1800+30"]

1. d4 g6 2. c4 Bg7 3. Nc3 d6 4. Nf3 Nd7 5. Bf4 Ngf6 6. e4 O-O 7. Bd3 c6 8. Qd2 a6 9. Bh6 b5 10. h4 Nb6 11. h5 Ng4 12. hxg6 hxg6 13. O-O-O Nxc4 14. Bxc4 bxc4 15. Rh4 f6 16. Bxg7 Kxg7 17. Rdh1 Kf7 18. Ne1 f5 19. Rh7+ Ke8 20. Qg5 Kd7 21. Qxg6 Kc7 22. Rg7 Nxf2 23. Rhh7 fxe4 24. Rxe7+ Kb8 25. Qg7 Qb6 26. Qxf8 Nd3+ 27. Nxd3 exd3 28. Qxc8+ Kxc8 29. Re8+ Qd8 30. Rxd8+ 1-0

[Event "Lueneburg Open-B 2019"]
[Site "Lueneburg"]
[Date "2019.08.03"]
[Round "1.10"]
[White "Hotz, Herbert"]
[Black "Wiese, Uwe"]
[Result "0-1"]
[ECO "A10"]
[WhiteElo "1547"]
[BlackElo "1737"]
[Annotator "NA"]
[PlyCount "74"]
[EventDate "2019.08.03"]
[EventType "swiss"]
[EventCountry "GER"]
[SourceTitle "playchess.com"]
[Source "ChessBase"]
[SourceQuality "1"]
[TimeControl "40/5400+30:1800+30"]

1. c4 f5 2. g3 e5 3. Bg2 Bc5 4. d3 Nf6 5. h3 O-O 6. e3 c6 7. Ne2 d5 8. O-O d4 9. b3 Qe7 10. exd4 exd4 11. Bb2 Qd6 12. Nd2 Be6 13. Nf3 Rd8 14. Nf4 Bf7 15. Ng5 Nbd7 16. Bc1 Re8 17. Bd2 Re7 18. h4 Ne5 19. Re1 Rae8 20. Nf3 Nxf3+ 21. Bxf3 Rxe1+ 22. Bxe1 Qe7 23. Kg2 Nd7 24. Bd2 Ne5 25. Qf1 Qf6 26. Re1 Bd6 27. Bd1 g6 28. Nh3 Kg7 29. Bf4 Nxd3 30. Rxe8 Nxf4+ 31. Nxf4 Bxe8 32. Nd3 f4 33. Qe2 Bd7 34. Qf3 Qf5 35. gxf4 c5 36. Qg3 Bc6+ 37. Bf3 Qxd3 0-1

[Event "Lueneburg Open-B 2019"]
[Site "Lueneburg"]
[Date "2019.08.03"]
[Round "1.11"]
[White "Thomas, Andreas"]
[Black "Martinez Martin, David"]
[Result "1-0"]
[ECO "C44"]
[WhiteElo "1726"]
[BlackElo "2388"]
[Annotator "NA"]
[PlyCount "101"]
[EventDate "2019.08.03"]
[EventType "swiss"]
[EventCountry "GER"]
[SourceTitle "playchess.com"]
[Source "ChessBase"]
[SourceQuality "1"]
[TimeControl "40/5400+30:1800+30"]

1. e4 e5 2. Nf3 Nc6 3. d4 exd4 4. c3 dxc3 5. Nxc3 h6 6. Bc4 Bb4 7. O-O Bxc3 8. bxc3 Nge7 9. Ba3 O-O 10. e5 b6 11. Re1 Bb7 12. Bb3 Na5 13. Bc2 c5 14. Qd3 Ng6 15. Rad1 Bc6 16. h4 Bxf3 17. Qxf3 Qxh4 18. Rxd7 Nc4 19. Rxf7 Ncxe5 20. Rxf8+ Rxf8 21. Qd5+ Kh8 22. g3 Qf6 23. f4 Ng4 24. Qd3 Kh7 25. Bb2 Rd8 26. Qe2 h5 27. c4 Rd4 28. Bxg6+ Kxg6 29. Bxd4 Qxd4+ 30. Kf1 Nf6 31. Rd1 Qc3 32. Qd3+ Qxd3+ 33. Rxd3 Kf5 34. Kf2 Ke4 35. Ke2 Kf5 36. Kf3 Ng4 37. Rd5+ Kg6 38. Rg5+ Kh6 39. a4 Nf6 40. a5 Ne8 41. axb6 axb6 42. Re5 Nc7 43. Re7 Na6 44. Re6+ g6 45. Rxb6 Nb4 46. Rb5 Nc2 47. Rxc5 Nd4+ 48. Ke4 Nf5 49. Rxf5 gxf5+ 50. Kxf5 Kg7 51. Kg5 1-0

[Event "Lueneburg Open-B 2019"]
[Site "Lueneburg"]
[Date "2019.08.03"]
[Round "1.12"]
[White "Schulze, Tim"]
[Black "Gerdau, Niklas"]
[Result "1/2-1/2"]
[ECO "A30"]
[WhiteElo "1481"]
[BlackElo "1704"]
[Annotator "NA"]
[PlyCount "85"]
[EventDate "2019.08.03"]
[EventType "swiss"]
[EventCountry "GER"]
[SourceTitle "playchess.com"]
[Source "ChessBase"]
[SourceQuality "1"]
[TimeControl "40/5400+30:1800+30"]

1. d4 d5 2. Nf3 Nf6 3. g3 Bf5 4. Bg2 e6 5. c4 c5 6. O-O Nc6 7. cxd5 Nxd5 8. Re1 Ndb4 9. e4 Bg4 10. a3 Na6 11. d5 Nd4 12. dxe6 Bxe6 13. Nxd4 cxd4 14. b4 b5 15. Bb2 Qd7 16. Qxd4 Rd8 17. Qxd7+ Rxd7 18. Nc3 Nc7 19. Rad1 Be7 20. Rxd7 Bxd7 21. Rd1 Bg4 22. Rd2 O-O 23. h3 Bc8 24. Nd5 Bd8 25. Rc2 Nxd5 26. Rxc8 Nb6 27. Rc2 Nc4 28. Bc1 Bb6 29. a4 a6 30. axb5 axb5 31. Bf1 f5 32. Bxc4+ bxc4 33. Rxc4 fxe4 34. Be3 Bxe3 35. fxe3 Rf3 36. Rxe4 Rxg3+ 37. Kh2 Rg5 38. Rc4 Kf7 39. Rc5 Rg6 40. e4 Rb6 41. b5 Re6 42. Rc7+ Kf8 43. Rc8+ 1/2-1/2

[Event "Lueneburg Open-B 2019"]
[Site "Lueneburg"]
[Date "2019.08.03"]
[Round "1.13"]
[White "Cordsen, Heinrich"]
[Black "Hinke, Gerhard"]
[Result "0-1"]
[ECO "B28"]
[WhiteElo "1685"]
[BlackElo "1476"]
[Annotator "NA"]
[PlyCount "67"]
[EventDate "2019.08.03"]
[EventType "swiss"]
[EventCountry "GER"]
[SourceTitle "playchess.com"]
[Source "ChessBase"]
[SourceQuality "1"]
[TimeControl "40/5400+30:1800+30"]

1. e4 e6 2. d4 d5 3. e5 a6 4. Nf3 c5 5. c3 Nc6 6. a3 Qb6 7. Bd3 cxd4 8. cxd4 Bd7 9. Bc2 Nge7 10. Nc3 Rc8 11. O-O Na5 12. Na4 Qc6 13. Nc5 b6 14. Nxd7 Qxd7 15. Bd2 Nac6 16. b4 b5 17. Rc1 Qa7 18. Be3 g6 19. h4 Nf5 20. g4 Nh6 21. Nh2 Bg7 22. Qd2 Ng8 23. Bb1 f6 24. f4 Nge7 25. Rc3 O-O 26. Rfc1 Qd7 27. h5 a5 28. bxa5 Qa7 29. hxg6 hxg6 30. Bxg6 Nxa5 31. Rxc8 Rxc8 32. Rxc8+ Nxc8 33. Qc2 Nc4 34. Qc3 0-1

[Event "Lueneburg Open-B 2019"]
[Site "Lueneburg"]
[Date "2019.08.03"]
[Round "1.14"]
[White "Rothenberg, Anke"]
[Black "Suliga, Eckhard"]
[Result "0-1"]
[ECO "A46"]
[WhiteElo "1467"]
[BlackElo "1682"]
[Annotator "NA"]
[PlyCount "66"]
[EventDate "2019.08.03"]
[EventType "swiss"]
[EventCountry "GER"]
[SourceTitle "playchess.com"]
[Source "ChessBase"]
[SourceQuality "1"]
[TimeControl "40/5400+30:1800+30"]

1. d4 Nf6 2. Bg5 e6 3. e4 h6 4. Bxf6 Qxf6 5. Nf3 d5 6. e5 Qf4 7. Nbd2 c5 8. Bd3 h5 9. c3 Nc6 10. Bb5 Bd7 11. Qa4 a6 12. dxc5 Qxa4 13. Bxa4 Bxc5 14. Bc2 d4 15. Nb3 Bb6 16. Nbxd4 O-O 17. O-O-O Rfd8 18. Nxc6 Bxc6 19. Rxd8+ Rxd8 20. Rf1 Bb5 21. Rd1 Rxd1+ 22. Kxd1 Bxf2 23. Be4 b6 24. Nd4 Bf1 25. Kc2 Kf8 26. Bd3 Bxg2 27. Bxa6 Bg1 28. b4 Bxh2 29. a4 Bxe5 30. a5 bxa5 31. bxa5 h4 32. Bb5 Bxd4 33. cxd4 h3 0-1

[Event "Lueneburg Open-B 2019"]
[Site "Lueneburg"]
[Date "2019.08.03"]
[Round "1.16"]
[White "Goldmann, David"]
[Black "Schencke, Guenther"]
[Result "1-0"]
[ECO "C01"]
[WhiteElo "1403"]
[BlackElo "1668"]
[Annotator "NA"]
[PlyCount "81"]
[EventDate "2019.08.03"]
[EventType "swiss"]
[EventCountry "GER"]
[SourceTitle "playchess.com"]
[Source "ChessBase"]
[SourceQuality "1"]
[TimeControl "40/5400+30:1800+30"]

1. e4 e6 2. d4 d5 3. exd5 exd5 4. c4 Bb4+ 5. Bd2 Qe7+ 6. Qe2 Nc6 7. Nf3 Bg4 8. cxd5 Bxf3 9. Qxe7+ Ngxe7 10. dxc6 Bxd2+ 11. Nxd2 Bxc6 12. O-O-O O-O-O 13. Nb3 Bd5 14. Na1 g6 15. b3 Nc6 16. Nc2 Be4 17. Ne3 Rxd4 18. Rxd4 Nxd4 19. f3 Bc6 20. Bc4 Re8 21. Ng4 f5 22. Nf6 Re7 23. a4 b5 24. axb5 Bxb5 25. Kb2 Bxc4 26. bxc4 Rf7 27. Nd5 c6 28. Nb4 Rb7 29. Ka3 a5 30. Na6 Rb6 31. Nc5 Rb4 32. Rc1 Kb8 33. Na6+ Kb7 34. Nxb4 axb4+ 35. Kxb4 Kb6 36. c5+ Kc7 37. Kc4 Ne6 38. Re1 Kd7 39. Rd1+ Kc7 40. Ra1 Kb7 41. Re1 1-0

[Event "Lueneburg Open-B 2019"]
[Site "Lueneburg"]
[Date "2019.08.03"]
[Round "1.17"]
[White "Ramme, Georg"]
[Black "Rennkamp, David"]
[Result "1/2-1/2"]
[ECO "D07"]
[WhiteElo "1660"]
[BlackElo "1355"]
[Annotator "NA"]
[PlyCount "55"]
[EventDate "2019.08.03"]
[EventType "swiss"]
[EventCountry "GER"]
[SourceTitle "playchess.com"]
[Source "ChessBase"]
[SourceQuality "1"]
[TimeControl "40/5400+30:1800+30"]

1. Nf3 Nc6 2. d4 d5 3. c4 e6 4. Nc3 Bb4 5. a3 Bxc3+ 6. bxc3 Nge7 7. Bf4 O-O 8. e3 a6 9. Qc2 dxc4 10. Bxc4 Nd5 11. Bg3 Nce7 12. e4 Nb6 13. Bd3 f5 14. Bh4 g6 15. Bg5 Bd7 16. a4 a5 17. Bh6 Re8 18. Ne5 Nc6 19. Nf3 Ne7 20. h4 Bc6 21. Qb3 Nec8 22. Ng5 fxe4 23. Nxe4 Bxe4 24. Bxe4 Nd6 25. Bd3 Qf6 26. Bg5 Qf7 27. Rh3 e5 28. Qxf7+ 1/2-1/2

[Event "Lueneburg Open-B 2019"]
[Site "Lueneburg"]
[Date "2019.08.03"]
[Round "1.18"]
[White "Buchinger, Alexis"]
[Black "Ische, Helmut"]
[Result "0-1"]
[ECO "B07"]
[WhiteElo "1346"]
[BlackElo "1662"]
[Annotator "NA"]
[PlyCount "82"]
[EventDate "2019.08.03"]
[EventType "swiss"]
[EventCountry "GER"]
[SourceTitle "playchess.com"]
[Source "ChessBase"]
[SourceQuality "1"]
[TimeControl "40/5400+30:1800+30"]

1. e4 d6 2. d4 Nf6 3. Nc3 c6 4. Bd3 e5 5. dxe5 dxe5 6. Nf3 Qc7 7. h3 Be7 8. O-O O-O 9. b3 Nbd7 10. Bb2 Re8 11. Qe2 Nh5 12. Qd2 Nf4 13. Ne2 Ng6 14. Ng3 Bf8 15. a4 a5 16. Bc4 Nb6 17. Qc3 Bb4 18. Qe3 Nxc4 19. bxc4 b6 20. Ba3 Be6 21. Bxb4 axb4 22. c5 bxc5 23. Qxc5 Reb8 24. Rfb1 Ra5 25. Qe3 c5 26. Nd2 c4 27. Nf5 Bd7 28. Qe2 c3 29. Qc4 Rc5 30. Rxb4 Rxc4 31. Rxc4 Qd8 32. Nb3 Bxf5 33. exf5 Nf4 34. a5 Qd5 35. Rxf4 exf4 36. a6 Ra8 37. Ra5 Qd1+ 38. Kh2 Qxc2 39. Rb5 Qxf2 40. Nc5 f3 41. a7 Qxg2# 0-1

[Event "Lueneburg Open-B 2019"]
[Site "Lueneburg"]
[Date "2019.08.03"]
[Round "1.19"]
[White "Krause, Holger"]
[Black "Vogel, Elisabeth"]
[Result "1/2-1/2"]
[ECO "C50"]
[WhiteElo "1639"]
[BlackElo "1277"]
[Annotator "NA"]
[PlyCount "76"]
[EventDate "2019.08.03"]
[EventType "swiss"]
[EventCountry "GER"]
[SourceTitle "playchess.com"]
[Source "ChessBase"]
[SourceQuality "1"]
[TimeControl "40/5400+30:1800+30"]

1. e4 e5 2. Bc4 Nf6 3. d3 Bc5 4. Nf3 d6 5. h3 Nc6 6. Nc3 h6 7. O-O O-O 8. Na4 Bb6 9. Nxb6 axb6 10. a3 Be6 11. Ba2 Bxa2 12. Rxa2 Qd7 13. Bd2 Ne7 14. Re1 c5 15. c4 b5 16. Qb3 bxc4 17. Qxc4 b5 18. Qc2 Rfc8 19. b3 Nc6 20. Qb2 Nd4 21. Nxd4 cxd4 22. Rc1 Rxc1+ 23. Qxc1 Rc8 24. Rc2 Rxc2 25. Qxc2 Ne8 26. b4 Nc7 27. f4 Kf8 28. f5 f6 29. g4 d5 30. Qc5+ Qe7 31. Qa7 dxe4 32. dxe4 Ke8 33. a4 bxa4 34. Qxa4+ Qd7 35. Qb3 Qf7 36. Qa4+ Qd7 37. Qb3 Qf7 38. Qa4+ Qd7 1/2-1/2

[Event "Lueneburg Open-B 2019"]
[Site "Lueneburg"]
[Date "2019.08.03"]
[Round "1.20"]
[White "Krueger, Dietrich"]
[Black "Kolhoff, Manfred"]
[Result "0-1"]
[ECO "D02"]
[WhiteElo "1243"]
[BlackElo "1616"]
[Annotator "NA"]
[PlyCount "58"]
[EventDate "2019.08.03"]
[EventType "swiss"]
[EventCountry "GER"]
[SourceTitle "playchess.com"]
[Source "ChessBase"]
[SourceQuality "1"]
[TimeControl "40/5400+30:1800+30"]

1. d4 d5 2. Bf4 Nf6 3. e3 e6 4. Bd3 Nbd7 5. Nf3 c5 6. c3 cxd4 7. exd4 Qb6 8. Qc2 Bd6 9. Bg3 O-O 10. h4 Qc7 11. Be5 Nxe5 12. dxe5 Bxe5 13. Ng5 g6 14. g3 Ng4 15. f4 Bg7 16. Nd2 Qc5 17. O-O-O Ne3 18. Nb3 Qb6 19. Qf2 Nxd1 20. Qxb6 axb6 21. Rxd1 e5 22. a3 Bg4 23. Rh1 h6 24. Nh3 Rac8 25. Nf2 Bf3 26. Rh2 e4 27. Bc2 Rfe8 28. Nd4 Bxd4 29. cxd4 Rc7 0-1

[Event "Lueneburg Open-B 2019"]
[Site "Lueneburg"]
[Date "2019.08.04"]
[Round "2.1"]
[White "Rewerts, Ingo"]
[Black "Jessen, Bjarne"]
[Result "0-1"]
[ECO "A46"]
[WhiteElo "1792"]
[BlackElo "1569"]
[Annotator "NA"]
[PlyCount "122"]
[EventDate "2019.08.03"]
[EventType "swiss"]
[EventCountry "GER"]
[SourceTitle "playchess.com"]
[Source "ChessBase"]
[SourceQuality "1"]
[TimeControl "40/5400+30:1800+30"]

1. d4 Nf6 2. Nf3 e6 3. Bg5 c5 4. c3 cxd4 5. Nxd4 d5 6. Nd2 Nc6 7. Nxc6 bxc6 8. e4 Be7 9. exd5 cxd5 10. Bxf6 Bxf6 11. Bb5+ Bd7 12. Qa4 Bxb5 13. Qxb5+ Qd7 14. Qxd7+ Kxd7 15. O-O-O Ke7 16. Rhe1 Rac8 17. Nb3 Rhd8 18. Kb1 Rd7 19. f4 Kf8 20. Nd4 Rc4 21. Ne2 Re4 22. g3 Ke7 23. Ng1 Rxe1 24. Rxe1 Rc7 25. Nf3 Kd6 26. Kc2 Kc5 27. Kd3 Rb7 28. Re2 Rb6 29. g4 g6 30. g5 Bg7 31. h4 Ra6 32. b3 Kd6 33. Rh2 Rc6 34. Nd4 Bxd4 35. Kxd4 a5 36. h5 a4 37. b4 Rc4+ 38. Kd3 Rxf4 39. hxg6 hxg6 40. Ke3 Re4+ 41. Kd3 Rg4 42. Rh7 Rf4 43. Ke3 Rf5 44. a3 e5 45. Rh8 Rxg5 46. Rd8+ Kc6 47. Rc8+ Kb7 48. Rc5 d4+ 49. cxd4 exd4+ 50. Kxd4 Rxc5 51. Kxc5 g5 52. Kd4 g4 53. Ke4 f5+ 54. Kf4 Kc6 55. Ke3 Kd5 56. Kd3 f4 57. Ke2 f3+ 58. Kf1 g3 59. Ke1 f2+ 60. Kf1 Kd4 61. Kg2 Ke5 0-1

[Event "Lueneburg Open-B 2019"]
[Site "Lueneburg"]
[Date "2019.08.04"]
[Round "2.2"]
[White "Ische, Helmut"]
[Black "Fomenkov, Alexander"]
[Result "*"]
[ECO "C42"]
[WhiteElo "1662"]
[BlackElo "1779"]
[Annotator "NA"]
[PlyCount "37"]
[EventDate "2019.08.03"]
[EventType "swiss"]
[EventCountry "GER"]
[SourceTitle "playchess.com"]
[Source "ChessBase"]
[SourceQuality "1"]
[TimeControl "40/5400+30:1800+30"]

1. e4 e5 2. Nf3 Nf6 3. Nxe5 d6 4. Nf3 Nxe4 5. Nc3 Nxc3 6. dxc3 Be7 7. Be3 O-O 8. Qd2 Nc6 9. Bd3 Re8 10. O-O-O Ne5 11. Nxe5 dxe5 12. h4 Be6 13. Kb1 c6 14. f3 Qa5 15. c4 Qa6 16. b3 Rad8 17. Qe1 f6 18. c5 Qa3 19. Qc3 *

[Event "Lueneburg Open-B 2019"]
[Site "Lueneburg"]
[Date "2019.08.04"]
[Round "2.2"]
[White "Ische, Helmut"]
[Black "Fomenkov, Alexander"]
[Result "0-1"]
[ECO "B22"]
[WhiteElo "1662"]
[BlackElo "1779"]
[Annotator "NA"]
[PlyCount "44"]
[EventDate "2019.08.03"]
[EventType "swiss"]
[EventCountry "GER"]
[SourceTitle "playchess.com"]
[Source "ChessBase"]
[SourceQuality "1"]
[TimeControl "40/5400+30:1800+30"]

1. e4 c5 2. Nf3 d6 3. c3 Nc6 4. d4 cxd4 5. cxd4 Bg4 6. Be2 g6 7. Nc3 Bg7 8. Be3 Bxf3 9. Bxf3 Qb6 10. Nd5 Qa5+ 11. Bd2 Qd8 12. Bc3 e6 13. Ne3 Nge7 14. O-O O-O 15. Rc1 d5 16. e5 Qb6 17. Ng4 Nf5 18. Nf6+ Bxf6 19. exf6 Qd8 20. g4 Nh4 21. g5 Qd6 22. Qd3 Qf4 0-1

[Event "Lueneburg Open-B 2019"]
[Site "Lueneburg"]
[Date "2019.08.04"]
[Round "2.3"]
[White "Kolhoff, Manfred"]
[Black "Groth, Matthias"]
[Result "*"]
[ECO "B22"]
[WhiteElo "1616"]
[BlackElo "1737"]
[Annotator "NA"]
[PlyCount "34"]
[EventDate "2019.08.03"]
[EventType "swiss"]
[EventCountry "GER"]
[SourceTitle "playchess.com"]
[Source "ChessBase"]
[SourceQuality "1"]
[TimeControl "40/5400+30:1800+30"]

1. e4 c5 2. Nf3 d6 3. c3 Nc6 4. d4 cxd4 5. cxd4 Bg4 6. Be2 g6 7. Nc3 Bg7 8. Be3 Bxf3 9. Bxf3 Qb6 10. Nd5 Qa5+ 11. Bd2 Qd8 12. Bc3 e6 13. Ne3 Nge7 14. O-O O-O 15. Rc1 d5 16. e5 Qb6 17. Ng4 Nf5 *